 Dungeon Crawl Stone Soup version 0.29-a0-565-g7a16c6de65 (webtiles) character file.

Game seed: 9366577420763139410

34309 Bruhh the Brawler (level 13, -9/133 HPs)
             Began as a Troll Gladiator on June 12, 2022.
             Mangled by a yak (14 damage)
             ... on level 5 of the Lair of Beasts.
             The game lasted 00:24:46 (16230 turns).

Bruhh the Brawler (Troll Gladiator)                Turns: 16230, Time: 00:24:47

Health: -9/133     AC:  8    Str: 29    XL:     13   Next: 41%
Magic:  12/12      EV: 10    Int:  4    God:
Gold:   1136       SH:  0    Dex: 11    Spells: 12/12 levels left

rFire   . . .      SeeInvis .     - Unarmed
rCold   . . .      Faith    .   (no shield)
rNeg    . . .      Spirit   .   P - +0 steam dragon scales
rPois   .          Reflect  .   b - +0 hat
rElec   .          Harm     .   q - +0 cloak
rCorr   .          Rampage  .   (gloves unavailable)
Will    .....                   (boots unavailable)
Stlth   +.........              (no amulet)
HPRegen 1.12/turn               (no ring)
MPRegen 0.13/turn               (no ring)

@: no status effects
A: large, unfitting armour, claws 3, regeneration 1, shaggy fur 1, tough skin 1
a: no special abilities


You were on level 5 of the Lair of Beasts.
You visited 3 branches of the dungeon, and saw 17 of its levels.

You collected 1136 gold pieces.

Inventory:

Missiles
 d - 5 large rocks (quivered)
 r - 3 boomerangs
 s - 5 curare-tipped darts
 J - 3 silver javelins
Armour
 a - a +0 robe
 b - a +0 hat (worn)
 q - a +0 cloak (worn)
 P - +0 steam dragon scales (worn)
Jewellery
 E - an amulet of magic regeneration
 F - a ring of magical power
 N - a ring of magical power
Wands
 h - a wand of charming (5)
 o - a wand of polymorph (6)
 p - a wand of mindburst (13)
 x - a wand of acid (6)
 I - a wand of flame (11)
 L - a wand of iceblast (20)
 O - a wand of paralysis (18)
 R - a wand of digging (6)
Scrolls
 f - 4 scrolls of silence
 g - 2 scrolls of immolation
 k - 4 scrolls of identify
 l - 2 scrolls of vulnerability
 n - 2 scrolls of amnesia
 y - 2 scrolls of enchant weapon
 B - 2 scrolls of enchant armour
 C - 2 scrolls of fog
 G - 2 scrolls of poison
 M - 2 scrolls of magic mapping
Potions
 e - 4 potions of mutation
 i - a potion of berserk rage
 j - 3 potions of degeneration
 m - 2 potions of brilliance {unknown}
 t - a potion of cancellation
 u - 2 potions of flight
 v - 2 potions of might {unknown}
 w - a potion of magic {unknown}
 z - 3 potions of curing
 H - 2 potions of haste {unknown}
 K - 2 potions of ambrosia {unknown}


   Skills:
 - Level 10.0 Fighting
 + Level 13.0 Throwing
 - Level 2.4 Dodging
 - Level 15.0 Unarmed Combat


You had 12 spell levels left.
You didn't know any spells.
Your spell library contained the following spells:

 Spells                   Type           Power      Damage    Failure   Level
 Magic Dart               Conj           0%         1d3       50%         1
 Searing Ray              Conj           0%         2d4       65%         2
 Dazzling Flash           Conj/Hex       0%         N/A       86%         3
 Stone Arrow              Conj/Erth      0%         3d7       86%         3
 Tukima's Dance           Hex            0%         N/A       86%         3
 Animate Armour           Summ/Erth      0%         N/A       99%         4
 Cause Fear               Hex            0%         N/A       99%         4
 Fulminant Prism          Conj/Hex       0%         3d6       99%         4
 Iskenderun's Mystic Bla  Conj/Tloc      0%         2d3       99%         4
 Passage of Golubria      Tloc           0%         N/A       99%         4
 Agony                    Necr           0%         N/A       100%        5
 Lee's Rapid Deconstruct  Erth           0%         3d5*      100%        5
 Silence                  Hex/Air        0%         N/A       100%        5
 Yara's Violent Unravell  Hex/Tmut       0%         3d3       100%        5
 Dragon Form              Tmut           0%         N/A       100%        7
 Lehudib's Crystal Spear  Conj/Erth      0%         10d2      100%        8
 Dragon's Call            Summ           0%         N/A       100%        9


Dungeon Overview and Level Annotations

Branches:
Dungeon (11/15)            Temple (0/1) D:4            Lair (5/6) D:11
  Swamp (0/4) Lair:4       Spider (0/4) Lair:3        Slime (1/5) Lair:5
    Orc (0/2) D:9

Altars:
Dithmenos
Fedhas
Makhleb
Okawaru
Qazlal
Sif Muna
Trog
Vehumet
Wu Jian
Xom
Yredelemnul
Zin

Shops:
D:4 (!?[

Annotations:
D:10 1 runed translucent door


Innate Abilities, Weirdness & Mutations

You are too large for most types of armour.
You have claws for hands.
Your natural rate of healing is unusually fast.
You are covered in fur. (AC +1)
You have tough skin. (AC +1)


Message History

The yak is almost dead.
The komodo dragon bites you but does no damage.
You scratch the yak.
The yak is almost dead.
The yak barely misses you. The yak gores you! The yak closely misses you.
The yak gores you!
You are too injured to fight recklessly!
You are too injured to fight recklessly!
You are too injured to fight recklessly!
You are too injured to fight recklessly!
You are too injured to fight recklessly!
You are too injured to fight recklessly!
You are too injured to fight recklessly!
You are too injured to fight recklessly!
You are too injured to fight recklessly!
You are too injured to fight recklessly!
You are too injured to fight recklessly!
You are too injured to fight recklessly!
You are too injured to fight recklessly!
You are too injured to fight recklessly!
You are too injured to fight recklessly!
You are too injured to fight recklessly!
You are too injured to fight recklessly!
You are too injured to fight recklessly!
You are too injured to fight recklessly!
You are too injured to fight recklessly!
You are too injured to fight recklessly!
You mangle the komodo dragon!!
The komodo dragon is almost dead.
The komodo dragon bites you! The yak misses you. The yak gores you.
The yak gores you but does no damage. The yak gores you!
* * * LOW HITPOINT WARNING * * *
You scratch the komodo dragon.
The komodo dragon is almost dead.
The komodo dragon bites you!!
* * * LOW HITPOINT WARNING * * *
You claw the komodo dragon!
You kill the komodo dragon!
The yak gores you but does no damage. The yak gores you!
You die...

... ... ... ... ... .... .. ...:
...... .## ..l .#..... .....
....#..####.#..... ..#..
...()..#..P##.......... ##.#.
.P..#........##YY.#....... #....
.............#.@Y..........##..#
#... ...........Y..........##.#.
#..............$................
#.#..##..##...#.P...P........##.
#.....#.###..#.##.#.#....P..#.#.
...............# ####..#...##..#
...............# #.#......###..
..............### ##..#....##.#.
.......#........###P.....P......


You could see 4 yaks.

Vanquished Creatures
  A boulder beetle (Lair:4)
  A catoblepas (Lair:5)
  5 hydras
  3 two-headed ogres
  An obsidian statue (D:10)
  A shining eye (Slime:1)
  5 elephants (Lair:5)
  3 black mambas
  9 cane toads
  An unseen horror (D:10)
  7 komodo dragons
  Maggie (D:10)
  6 rime drakes
  2 polar bears (Lair:5)
  6 blink frogs (Lair:4)
  Grinder (D:3)
  7 dream sheep (Lair:4)
  Sigmund (D:4)
  4 culicivoras (Lair:3)
  A vampire (D:8)
  36 yaks
  A wyvern (Lair:5)
  Eustachio (D:4)
  3 basilisks
  A steam dragon (D:10)
  An acid dragon (D:9)
  16 water moccasins
  2 orc warriors (D:9)
  A sky beast (D:8)
  An ice beast (D:7)
  6 black bears
  4 wolves (Lair:4)
  2 ogres
  4 centaurs
  Blork the orc (D:4)
  3 kobold brigands
  14 bullfrogs
  A necrophage (D:7)
  A gnoll sergeant (D:8)
  4 scorpions
  17 wights
  4 killer bees (D:9)
  2 howler monkeys
  3 electric eels (Lair:5)
  A crimson imp (D:7)
  A lava snake (Lair:5)
  4 hounds
  18 jellies
  6 orc priests (D:9)
  3 gnoll shamans
  7 iguanas
  Ijyb (D:3)
  12 orc wizards
  4 hell rats (Lair:4)
  Robin (D:3)
  13 gnolls
  6 adders
  6 river rats (Lair:4)
  A shadow imp (D:6)
  A white imp (D:6)
  3 worms
  2 dart slugs
  37 orcs
  14 endoplasms
  A giant cockroach (D:2)
  16 goblins
  6 hobgoblins
  15 jackals
  4 quokkas (D:1)
  3 ball pythons
  7 bats
  6 frilled lizards
  A jackal skeleton (D:10)
  27 kobolds
  9 rats
431 creatures vanquished.

Vanquished Creatures (collateral kills)
  3 blink frogs (Lair:4)
3 creatures vanquished.

Vanquished Creatures (others)
  10 fungi
  31 plants
41 creatures vanquished.

Grand Total: 475 creatures vanquished

Notes
Turn   | Place    | Note
-------+----------+-------------------------------------------
     0 | D:1      | Bruhh the Troll Gladiator began the quest for the Orb.
     0 | D:1      | Reached XP level 1. HP: 19/19 MP: 0/0
   139 | D:1      | Reached XP level 2. HP: 27/27 MP: 1/1
   212 | D:1      | Found a faded altar of an unknown god.
   268 | D:1      | Reached skill level 4 in Unarmed Combat
   372 | D:1      | Reached XP level 3. HP: 31/33 MP: 2/2
   903 | D:2      | Reached XP level 4. HP: 36/41 MP: 3/3
  1448 | D:2      | Reached skill level 5 in Unarmed Combat
  1787 | D:3      | Noticed a black bear
  1793 | D:3      | Killed a black bear
  1794 | D:3      | Reached skill level 6 in Unarmed Combat
  1794 | D:3      | Reached XP level 5. HP: 47/48 MP: 4/4
  1879 | D:3      | Noticed Robin
  2450 | D:3      | Killed Robin
  2684 | D:3      | Noticed Ijyb
  2799 | D:4      | Found Pealij's Antique Armour Shoppe.
  2852 | D:4      | Noticed Blork the orc
  2862 | D:4      | Killed Blork the orc
  2863 | D:4      | Reached skill level 7 in Unarmed Combat
  2863 | D:4      | Reached XP level 6. HP: 45/55 MP: 5/5
  3084 | D:4      | Found an ornate altar of the Wu Jian Council.
  3110 | D:4      | Found Leustrixt's Distillery.
  3139 | D:4      | Found a staircase to the Ecumenical Temple.
  3140 | D:4      | Found Juvey's Magic Scroll Emporium.
  3235 | D:3      | Noticed Grinder
  3236 | D:3      | Paralysed by Grinder for 5 turns
  3251 | D:3      | Paralysed by Grinder for 3 turns
  3259 | D:3      | Killed Grinder
  3260 | D:3      | Reached skill level 8 in Unarmed Combat
  3260 | D:3      | Reached XP level 7. HP: 45/62 MP: 6/6
  3336 | D:3      | Killed Ijyb
  3403 | D:3      | Found a shimmering blue altar of Sif Muna.
  3403 | D:3      | Found a shadowy altar of Dithmenos.
  3403 | D:3      | Found a blossoming altar of Fedhas.
  3532 | D:4      | Noticed Eustachio
  3554 | D:4      | Killed Eustachio
  3555 | D:4      | Reached skill level 9 in Unarmed Combat
  3584 | D:4      | Noticed Sigmund
  3656 | D:4      | Killed Sigmund
  3678 | D:4      | Found Orphew's Weapon Shoppe.
  4011 | D:5      | Entered Level 5 of the Dungeon
  4026 | D:5      | Reached XP level 8. HP: 74/74 MP: 7/7
  4277 | D:5      | Found a stormy altar of Qazlal.
  4327 | D:5      | Found a bloodstained altar of Trog.
  4338 | D:5      | Reached skill level 10 in Unarmed Combat
  4805 | D:6      | Reached skill level 5 in Fighting
  4963 | D:6      | Reached XP level 9. HP: 55/89 MP: 8/8
  5622 | D:7      | Found an iron altar of Okawaru.
  5728 | D:7      | Found a burning altar of Makhleb.
  5728 | D:7      | Found a shimmering altar of Xom.
  5921 | D:7      | Reached skill level 11 in Unarmed Combat
  6222 | D:7      | Found a glowing silver altar of Zin.
  6437 | D:8      | Noticed a two-headed ogre
  6546 | D:8      | Killed a two-headed ogre
  6547 | D:8      | Reached XP level 10. HP: 84/105 MP: 9/9
  8240 | D:9      | Found a staircase to the Orcish Mines.
  8432 | D:9      | Found a radiant altar of Vehumet.
  8470 | D:9      | Reached skill level 5 in Throwing
  9252 | D:10     | Entered Level 10 of the Dungeon
  9261 | D:10     | Noticed a two-headed ogre
  9267 | D:10     | Killed a two-headed ogre
  9299 | D:10     | Found a runed translucent door.
  9305 | D:10     | Found a basalt altar of Yredelemnul.
  9761 | D:10     | Noticed an obsidian statue
  9768 | D:10     | Noticed a rust devil
  9798 | D:10     | Killed an obsidian statue
  9799 | D:10     | Reached XP level 11. HP: 117/117 MP: 10/10
  9901 | D:10     | Reached skill level 10 in Fighting
  9979 | D:10     | Noticed a two-headed ogre
  9986 | D:10     | HP: 1/117 [two-headed ogre/+0 giant club (30)]
  9987 | D:10     | Killed a two-headed ogre
 10211 | D:10     | Noticed Maggie
 10220 | D:10     | Killed Maggie
 10459 | D:11     | Found a staircase to the Lair.
 10498 | Lair:1   | Entered Level 1 of the Lair of Beasts
 11950 | Lair:2   | Noticed a four-headed hydra
 11957 | Lair:2   | Killed a four-headed hydra
 12440 | Lair:3   | Reached skill level 12 in Unarmed Combat
 12560 | Lair:3   | Noticed an eight-headed hydra
 12616 | Lair:3   | Killed an eight-headed hydra
 12989 | Lair:3   | Reached XP level 12. HP: 94/126 MP: 11/11
 13167 | Lair:3   | Found a hole to the Spider Nest.
 13176 | Lair:3   | Reached skill level 10 in Throwing
 13424 | Lair:3   | Reached skill level 13 in Unarmed Combat
 13989 | Lair:4   | Reached skill level 14 in Unarmed Combat
 14084 | Lair:4   | Noticed an eight-headed hydra
 14097 | Lair:4   | Killed an eight-headed hydra
 14160 | Lair:4   | Found a staircase to the Swamp.
 14252 | Lair:4   | Reached skill level 15 in Unarmed Combat
 14406 | Lair:4   | Noticed a boulder beetle
 14409 | Lair:4   | Killed a boulder beetle
 15163 | Lair:5   | Reached XP level 13. HP: 71/132 MP: 12/12
 16081 | Lair:5   | Found a staircase to the Slime Pits.
 16133 | Slime:1  | Entered Level 1 of the Pits of Slime
 16229 | Lair:5   | HP: 4/133 [komodo dragon (28)]
 16230 | Lair:5   | Mangled by a yak

Illustrated notes

Levels and vault maps discovered:
D:1:      dpeg_arrival_shrine, layout_loops_ring,
          chequers_ecumenical_altar_simple_redux, minmay_pentomino_t2
D:2:      layout_basic, hangedman_decor_opposing,
          chequers_serial_rivers_small_b, nrook_uturn, chequers_big_river,
          minivault_19
D:3:      layout_basic, gammafunk_temple_overflow_claw, glass_columns_a,
          kennysheep_decorative_pillar, uniq_ijyb, uniq_grinder, uniq_robin
D:4:      layout_cave_pods, nicolae_wu_jian_immortal_techniques,
          minmay_temple_entry_grid, serial_shops, nicolae_shop_crystal,
          nicolae_square_shop, nicolae_shop_trees, nicolae_shop_trees,
          uniq_blork_the_orc, uniq_sigmund, uniq_eustachio
D:5:      layout_basic, trog_ov_bears_minmay, grunt_qazlal_clouds
D:6:      layout_basic, minmay_diced_spiral
D:7:      layout_loops_corners, grunt_temple_overflow_champion_of_chaos,
          kennysheep_mini_moat, general_overflow_altar, corexii_hall_statues_l,
          dreamdust_gnoll_shepherd
D:8:      layout_cave_pools, lightli_ossuary_entry_decrepit_ruins,
          minmay_small_thing
D:9:      layout_roguey, mainiacjoe_overflow_boulevard, hiddenorc2_lemuel,
          grunt_ministairs_12
D:10:     minmay_separated_statues, layout_basic, dk_yredelemnul_ordeal,
          nicolae_two_hexagons, uniq_maggie
D:11:     layout_irregular_city, david_lair_shrubbed, okawaru_humans
Lair:1:   layout_cave_pods
Lair:2:   layout_roguey, grunt_megastairs_2
Lair:3:   layout_regular_city, hellmonk_spider_entry_life_and_decay,
          beast_lair_carwin_5, grunt_megastairs_4
Lair:4:   layout_cave_pods, minmay_swamp_entry_reptiles, portal_ice_cave_rime,
          kennysheep_abandoned_house
Lair:5:   layout_gridlike, minmay_slime_entry_jelly_boxes, basic_altar
Slime:1:  cheibrodos_slime_lost_civilization_3, layout_caves,
          nicolae_slime_barrier

Skill      XL: |  1  2  3  4  5  6  7  8  9 10 11 12 13 |
---------------+----------------------------------------+-----
Unarmed Combat | 4 6 7 8 9 10 11 12 15 | 15.0
Fighting       | 2 6 8 9 10 | 10.0
Throwing       | 3 6 9 11 13 | 13.0
Dodging        | |  2.4

Action                   |  1- 3 |  4- 6 |  7- 9 | 10-12 | 13-15 || total
-------------------------+-------+-------+-------+-------+-------++-------
Melee: Unarmed           |   102 |   120 |   236 |   527 |   114 ||  1099
       Punch             |     3 |     4 |     2 |    35 |    11 ||    55
Throw: Boomerang         |       |     4 |     1 |    66 |    13 ||    84
       Dart              |       |     3 |       |       |     1 ||     4
       Throwing net      |       |     2 |     2 |       |       ||     4
       Javelin           |       |       |       |     6 |     1 ||     7
       Large rock        |       |       |       |    69 |    29 ||    98
Evoke: Wand              |       |       |     1 |     5 |       ||     6
  Use: Potion            |       |     4 |       |     6 |     5 ||    15
       Scroll            |       |     7 |     9 |    13 |     2 ||    31
Armor: Robe              |    24 |    74 |    59 |    56 |       ||   213
       Skin              |       |       |     1 |     9 |    12 ||    22
       Steam dragon scal |       |       |       |    77 |    51 ||   128
Dodge: Dodged            |    53 |   102 |    92 |   234 |    40 ||   521

Table legend: (Time is in decaauts)
 A = Elapsed time spent in this place.
 B = Non-inter-level travel time spent in this place.
 C = Inter-level travel time spent in this place.
 D = Time resting spent in this place.
 E = Time spent auto-exploring this place.
 F = Levels seen in this place.
 G = Mean time per level.
                   A        B        C        D        E       F      G
               +--------+--------+--------+--------+--------+-----+--------+
         Total |  16106 |  15463 |    643 |   1488 |  11240 |  17 |  947.4 |
       Dungeon |  10413 |   9882 |    531 |   1179 |   6904 |  11 |  946.6 |
          Lair |   5669 |   5557 |    112 |    309 |   4335 |   5 | 1133.8 |
    Slime Pits |     23 |     23 |      0 |      0 |      0 |   1 |   23.0 |
               +--------+--------+--------+--------+--------+-----+--------+

Top non-repeatable levels by time:
     D:7: 1609 daAuts
     D:4: 1472 daAuts
  Lair:4: 1383 daAuts
  Lair:3: 1309 daAuts
     D:9: 1232 daAuts
    D:10: 1110 daAuts
  Lair:1: 1102 daAuts
     D:8: 1054 daAuts
  Lair:5: 1053 daAuts
     D:2: 1051 daAuts
  Lair:2: 820 daAuts
     D:3: 763 daAuts
     D:5: 730 daAuts
     D:1: 718 daAuts
     D:6: 545 daAuts
